 Dungeon Crawl Stone Soup version 0.23.2-1-ga50397a (webtiles) character file.

Game seed: 10709590877078737584

1125 Tallim the Basher (level 8, -7/64 HPs)
             Began as a Minotaur Berserker on May 26, 2019.
             Was a Priest of Trog.
             Mangled by an ogre
             ... wielding a cursed +0 giant club
              (21 damage)
             ... on level 6 of the Dungeon.
             The game lasted 00:12:16 (4529 turns).

Tallim the Basher (Minotaur Berserker)              Turns: 4529, Time: 00:12:17

Health: -7/64      AC: 11    Str: 24    XL:     8   Next: 13%
Magic:  7/7        EV:  5    Int:  4    God:    Trog [***...]
Gold:   321        SH: 12    Dex: 10    Spells: 7/7 levels left

rFire    . . .     SeeInvis .   a - +0 mace
rCold    . . .     Gourm    .   t - +2 shield
rNeg     . . .     Faith    .   l - +0 plate armour
rPois    .         Spirit   .   (helmet restricted)
rElec    .         Reflect  .   (no cloak)
rCorr    .         Harm     .   (no gloves)
MR       .....                  (no boots)
Stlth    ..........             (no amulet)
HPRegen  0.20/turn              (no ring)
MPRegen  0.10/turn              (no ring)

@: no status effects
A: retaliatory headbutt, horns 2
a: Berserk, Trog's Hand, Renounce Religion


You were on level 6 of the Dungeon.
You worshipped Trog.
Trog was most pleased with you.
You were not hungry.

You visited 1 branch of the dungeon, and saw 6 of its levels.

You collected 321 gold pieces.

Inventory:

Hand Weapons
 a - a +0 mace (weapon)
Armour
 b - a +0 animal skin
 g - a +0 shield
 l - a +0 plate armour (worn)
 o - a +2 ring mail of fire resistance
 t - a +2 shield (worn)
Jewellery
 B - a cursed -2 ring of strength {unknown}
Wands
 C - a wand of flame (27)
Scrolls
 d - 2 scrolls of amnesia {unknown}
 e - a scroll of identify {unknown}
 f - 3 scrolls of teleportation {unknown}
 h - a scroll of fear {unknown}
 i - a scroll of noise {unknown}
 m - 4 scrolls of remove curse {unknown}
 q - 2 scrolls of blinking {unknown}
 s - 2 scrolls of magic mapping {unknown}
 y - a scroll of immolation {unknown}
Potions
 j - a potion of lignification {unknown}
 k - 2 potions of curing {unknown}
 n - a potion of degeneration {unknown}
 p - 2 potions of cancellation {unknown}
 r - a potion of resistance {unknown}
 u - a potion of brilliance {unknown}
 v - 2 potions of invisibility {unknown}
 w - a potion of magic {unknown}
 x - a potion of mutation {unknown}
 z - a potion of haste {unknown}
 A - 2 potions of heal wounds {unknown}
Comestibles
 c - 7 rations
 D - a chunk of flesh


   Skills:
 - Level 3.6 Fighting
 + Level 10.9 Maces & Flails
 - Level 2.4 Armour
 - Level 2.1 Dodging
 + Level 4.5 Shields


You had 7 spell levels left.
You didn't know any spells.
Your spell library was empty.

Dungeon Overview and Level Annotations

Branches:
Dungeon (6/15)             Temple (0/1) D:4

Altars:
Cheibriados
Okawaru
Trog
The Shining One


Innate Abilities, Weirdness & Mutations

You reflexively headbutt those who attack you in melee.
You have a pair of horns on your head.


Message History

You start resting.
You recover from your berserk rage.
Things that are here:
a +0 trident; a +0 ring mail; an orc corpse
Things that are here:
a +0 short sword; a +0 flail; an orc corpse
Things that are here:
a +0 scimitar; a +0 chain mail
c - 7 rations (gained 1)
An ogre comes into view. It is wielding a +0 giant club.
The ogre shouts!
You start resting.
The ogre is too close now for your liking.
The ogre hits you with a cursed +0 giant club!
* * * LOW HITPOINT WARNING * * *
You hit the ogre.
You headbutt the ogre, but do no damage.
The ogre is lightly wounded.
The ogre hits you with a cursed +0 giant club!!
You die...

#.# #.รท#.# .
#.#.##.#####..#.#
#.#.##........#.#
#.#.#######...#.#
#.#...........#
#.#########.#.#
#. .........#.#
#O###########.#
#.@...........#
#############.#
###


You could see an ogre.

Vanquished Creatures
  Grinder (D:5)
  2 orc warriors (D:6)
  A centaur (D:5)
  2 scorpions
  4 orc priests
  An iguana (D:5)
  3 orc wizards
  Natasha (thrice) (D:2)
  2 worker ants
  3 gnolls (D:2)
  3 adders (D:3)
  A river rat (D:3)
  4 worms
  3 dart slugs
  2 leopard geckos (D:3)
  19 orcs
  A ball python (D:1)
  11 bats
  5 giant cockroaches
  2 goblins
  7 hobgoblins
  13 jackals
  7 quokkas
  8 frilled lizards
  5 kobolds
  A quokka zombie (D:5)
  7 rats
121 creatures vanquished.

Notes
Turn   | Place    | Note
-------+----------+-------------------------------------------
     0 | D:1      | Tallim the Minotaur Berserker began the quest for the Orb.
     0 | D:1      | Reached XP level 1. HP: 19/19 MP: 0/0
    79 | D:1      | Reached skill level 4 in Maces & Flails
   148 | D:1      | Reached XP level 2. HP: 23/26 MP: 1/1
   892 | D:2      | Reached skill level 5 in Maces & Flails
   929 | D:2      | Reached XP level 3. HP: 29/31 MP: 2/2
   961 | D:2      | Reached ** piety under Trog
  1213 | D:2      | Noticed Natasha
  1217 | D:2      | Killed Natasha
  1224 | D:2      | Noticed Natasha
  1231 | D:2      | Killed Natasha
  1231 | D:2      | Reached skill level 6 in Maces & Flails
  1231 | D:2      | Reached XP level 4. HP: 23/39 MP: 3/3
  1290 | D:2      | Noticed Natasha
  1302 | D:2      | Killed Natasha
  1373 | D:2      | Reached skill level 7 in Maces & Flails
  1373 | D:2      | Reached XP level 5. HP: 32/45 MP: 4/4
  1930 | D:3      | Found a glowing drain.
  2193 | D:3      | Found a bloodstained altar of Trog.
  2414 | D:3      | Found an iron altar of Okawaru.
  2415 | D:3      | Found a glowing golden altar of the Shining One.
  2654 | D:4      | Found a staircase to the Ecumenical Temple.
  2677 | D:4      | Reached skill level 8 in Maces & Flails
  2717 | D:4      | Reached XP level 6. HP: 45/51 MP: 5/5
  2719 | D:4      | Reached skill level 1 in Shields
  2837 | D:4      | Reached *** piety under Trog
  3141 | D:4      | Found a snail-covered altar of Cheibriados.
  3647 | D:5      | Entered Level 5 of the Dungeon
  3687 | D:5      | Noticed Grinder
  3700 | D:5      | Killed Grinder
  3700 | D:5      | Reached skill level 9 in Maces & Flails
  3700 | D:5      | Reached XP level 7. HP: 57/57 MP: 6/6
  4087 | D:5      | Reached skill level 10 in Maces & Flails
  4416 | D:6      | Reached XP level 8. HP: 16/64 MP: 7/7
  4529 | D:6      | Mangled by an ogre

Skill      XL: |  1  2  3  4  5  6  7 |
---------------+----------------------+-----
Maces & Flails | 4 5 6 7 8 9 10 | 10.9
Shields        | 2 4 |  4.5
Fighting       | |  3.6
Armour         | |  2.4
Dodging        | |  2.1

Action                   |  1- 3 |  4- 6 |  7- 9 || total
-------------------------+-------+-------+-------++-------
Melee: Mace              |    99 |   174 |   100 ||   373
       Headbutt          |    12 |    18 |    18 ||    48
Invok: Berserk           |     1 |     3 |     1 ||     5
  Eat: Chunk             |     2 |     3 |     5 ||    10
       Ration            |       |     2 |       ||     2
Armor: Animal skin       |    16 |       |       ||    16
       Plate armour      |    53 |    91 |    40 ||   184
Dodge: Dodged            |    42 |    27 |    13 ||    82
Block: Shield            |    31 |    57 |    60 ||   148
